 Dungeon Crawl Stone Soup version 0.29.1-15-g9cfb28693d (webtiles) character file.

Game seed: 3497457591982833662

30 Thatpatchoflichen the Chiller (level 3, 0/26 HPs)
             Began as a Human Ice Elementalist on Mar 5, 2023.
             Slain by a worm (4 damage)
             ... on level 2 of the Dungeon.
             The game lasted 00:02:42 (1603 turns).

Thatpatchoflichen the Chiller (HuIE)                Turns: 1603, Time: 00:02:43

Health: 0/26       AC:  4    Str:  8    XL:     3   Next: 37%
Magic:  1/6        EV: 12    Int: 17    God:
Gold:   27         SH:  0    Dex: 13    Spells: 2/6 levels left

rFire   . . .      SeeInvis .   (no weapon)
rCold   . . .      Faith    .   (no shield)
rNeg    . . .      Spirit   .   j - +0 leather armour
rPois   .          Reflect  .   (no helmet)
rElec   .          Harm     .   f - +0 cloak
rCorr   .          Rampage  .   (no gloves)
Will    .....                   (no boots)
Stlth   ++........              (no amulet)
HPRegen 0.08/turn               (no ring)
MPRegen 0.10/turn               (no ring)

@: no status effects
A: no striking features
a: no special abilities


You were on level 2 of the Dungeon.
You visited 1 branch of the dungeon, and saw 2 of its levels.

You collected 27 gold pieces.

Inventory:

Missiles
 g - 6 poisoned darts
Armour
 a - a +0 robe
 c - a +0 ring mail
 f - a +0 cloak (worn)
 j - a +0 leather armour (worn)
Scrolls
 h - a scroll of identify {unknown}
 k - 2 scrolls of vulnerability {unknown}
Potions
 b - a potion of magic
 d - 2 potions of attraction {unknown}
 e - a potion of flight {unknown}
 i - a potion of degeneration {unknown}


   Skills:
 + Level 1.3 Fighting
 + Level 2.6 Dodging
 - Level 2.0 Stealth
 - Level 2.0 Spellcasting
 + Level 4.3 Ice Magic


You had 2 spell levels left.
You knew the following spells:

 Your Spells              Type           Power      Damage    Failure   Level
a - Freeze                Ice            64%        1d8       4%          1
b - Ozocubu's Armour      Ice            16%        N/A       14%         3

Your spell library contained the following spells:

 Spells                   Type           Power      Damage    Failure   Level
 Ensorcelled Hibernation  Hex/Ice        18%        N/A       17%         2
 Frozen Ramparts          Ice            32%        1d5       14%         3
 Spider Form              Tmut/Pois      1%         N/A       63%         3
 Hailstorm                Conj/Ice       9%         3d4       75%         4
 Anguish                  Hex/Necr       0%         N/A       95%         4


Dungeon Overview and Level Annotations

Branches:
Dungeon (2/15)

Altars:


Message History

Aim: a worm You freeze the worm.
The worm is moderately wounded.
Unknown command.
Aiming: Freeze (safe; 4% risk of failure)
Press: ? - help, Q - select action, (/) - cycle Shift-Dir - straight line, f/p - worm
Aim: a worm (moderately wounded)
You freeze the worm.
The worm is heavily wounded.
The worm bites you.
Aiming: Freeze (safe; 4% risk of failure)
Press: ? - help, Q - select action, (/) - cycle Shift-Dir - straight line, f/p - worm
Aim: a worm (heavily wounded)
You freeze the worm.
The worm is severely wounded.
Unknown command.
Aiming: Freeze (safe; 4% risk of failure)
Press: ? - help, Q - select action, (/) - cycle Shift-Dir - straight line, f/p - worm
Aim: a worm (severely wounded)
You freeze the worm.
The worm is almost dead.
The worm bites you.
You don't have enough magic to cast this spell.
Unknown command.
Unknown command.
You hit the worm but do no damage.
The worm is almost dead.
The worm bites you!
* * * LOW HITPOINT WARNING * * *
You hit the worm but do no damage.
The worm is severely wounded.
You hit the worm.
The worm is almost dead.
The worm misses you.
You hit the worm but do no damage.
The worm is severely wounded.
You hit the worm but do no damage.
The worm is severely wounded.
The worm bites you.
You die...

.........# .........#
#......# ........<#
.......# .........#
#......# .........##
#......# #.).......#
.#......##
#......##.####.#........
#.#....##......#)......#
.......####..###@w....#
#......####..##.).....##
........................
........###.##..#....###
#....................#
.....................#
..#.[.#..............#
..##..#..............#
.####................#


You could see a worm.

Vanquished Creatures
  An adder (D:2)
  A dart slug (D:1)
  2 ball pythons (D:1)
  An endoplasm (D:1)
  2 giant cockroaches
  3 goblins
  A hobgoblin (D:1)
  2 kobolds (D:1)
  2 quokkas
  A bat (D:1)
  2 frilled lizards (D:1)
18 creatures vanquished.

Notes
Turn   | Place    | Note
-------+----------+-------------------------------------------
     0 | D:1      | Thatpatchoflichen the Human Ice Elementalist began the
                  | quest for the Orb.
     0 | D:1      | Reached XP level 1. HP: 13/13 MP: 3/3
   488 | D:1      | Reached XP level 2. HP: 20/20 MP: 1/5
  1031 | D:1      | Found a faded altar of an unknown god.
  1102 | D:1      | Reached skill level 1 in Fighting
  1516 | D:2      | Reached XP level 3. HP: 26/26 MP: 1/6
  1520 | D:2      | Learned a level 3 spell: Ozocubu's Armour
  1603 | D:2      | Slain by a worm

Illustrated notes

Levels and vault maps discovered:
D:1:      minmay_arrival_up_and_down, layout_basic,
          chequers_ecumenical_altar_simple, roderic_lattice_a, dk_noncrumbling_3
D:2:      layout_rooms, uniq_crazy_yiuf_cottage

Skill      XL: |  1  2 |
---------------+-------+-----
Fighting       | 1 |  1.3
Dodging        | |  2.6
Stealth        | |  2.0
Spellcasting   | |  2.0
Ice Magic      | |  4.3

Action                   || total
-------------------------++-------
Melee: Unarmed           ||    14
 Cast: Freeze            ||    32
Armor: Robe              ||     5
       Leather armour    ||     9
Dodge: Dodged            ||    17
